Map: Mech Depot LE

Players

Nub - Winner!

  • Race: Zerg Zerg
  • League: Diamond
  • Spawn Location: 7:00

Sentry

  • Race: Protoss Protoss
  • League: Diamond
  • Spawn Location: 1:00

VOD

Have the link to the VOD?

Description

Time

  • Played on: Sept. 15, 2017, 2:54 p.m.
  • Length: 10:13
Show
View Real Time Build Order
Export as new Build Order

Nub Zerg - Winner!

Build Orders: Hatch First 

Get SALT Encoding   

  12  0:01  Drone  
  13  0:12  Overlord  
  13  0:17  Drone  
  14  0:31  Drone x2  
  14  0:35  Drone  
  17  0:52  Hatchery  
  17  0:55  Drone  
  17  0:58  Drone  
  18  1:22  Spawning Pool, Drone x2  
  19  1:33  Drone  
  19  1:39  Overlord  
  20  2:05  Extractor  
  20  2:06  Drone  
  20  2:07  Drone x2  
  22  2:09  Queen x2  
  26  2:24  Hatchery  
  26  2:25  Drone  
  26  2:30  Drone  
  26  2:33  Drone  
  28  2:39  Drone x2  
  28  2:41  Drone  
  31  2:46  Zergling x2  
  32  2:51  Drone  
  32  2:54  Drone  
  34  3:05  Zergling x4  
  36  3:13  Zergling x2  
  36  3:20  Overlord, Spine Crawler  
  36  3:22  Overlord  
  36  3:25  Metabolic Boost  
  35  3:36  Drone  
  35  3:37  Drone x4  
  35  3:39  Drone  
  43  3:46  Lair  
  41  3:52  Drone x2  
  41  3:53  Drone x2  
  41  3:54  Zergling x6  
  48  4:00  Queen  
  50  4:03  Drone  
  50  4:04  Drone  
  50  4:06  Drone  
  53  4:10  Drone  
  53  4:11  Drone x2  
  53  4:13  Drone  
  57  4:26  Spore Crawler  
  49  4:48  Drone x2  
  49  4:49  Drone x2  
  49  4:50  Drone  
  49  4:57  Drone, Overlord x2  
  49  4:58  Overlord x2  
  47  5:07  Extractor  
  47  5:08  Extractor  
  47  5:10  Drone x4  
  47  5:11  Drone  
  47  5:13  Extractor  
  49  5:14  Drone  
  49  5:15  Queen  
  52  5:25  Drone x4  
  54  5:35  Drone  
  54  5:36  Hydralisk Den, Drone x3  
  54  5:40  Drone  
  54  5:41  Drone x2  
  54  5:42  Drone x2  
  62  5:48  Zergling x4  
  64  5:58  Drone x3  
  64  5:59  Evolution Chamber x2  
  65  6:04  Hydralisk x3  
  65  6:05  Hydralisk  
  65  6:06  Hydralisk  
  65  6:09  Overlord  
  74  6:16  Hatchery  
  74  6:17  Drone x2  
  74  6:24  Spore Crawler  
  73  6:31  Queen  
  73  6:32  Hydralisk  
  73  6:33  Hydralisk x3  
  81  6:43  Overlord x3  
  81  6:44  Overlord x3  
  81  6:56  Zerg Melee Weapons Level 1  
  81  6:57  Zerg Missile Weapons Level 1  
  81  7:02  Zergling x2  
  81  7:03  Zergling x14  
  81  7:07  Muscular Augments  
  89  7:13  Hydralisk  
  89  7:14  Hydralisk  
  93  7:17  Overlord x2  
  93  7:21  Zergling x2  
  93  7:22  Zergling x2  
  95  7:28  Baneling Nest  
  95  7:29  Hydralisk  
  94  7:30  Hydralisk  
  94  7:36  Zergling x12  
  94  7:47  Hydralisk x3  
  94  7:50  Zergling x14  
  97  8:00  Drone x3  
  97  8:01  Drone x2  
  97  8:02  Queen  
  95  8:20  Hydralisk x3  
  98  8:29  Drone x3  
  98  8:30  Drone  
  98  8:31  Drone  
  98  8:32  Drone  
  98  8:33  Drone  
  105  8:35  Drone x4  
  105  8:37  Extractor, Overseer x2  
  105  8:39  Extractor  
  107  8:42  Queen  
  109  8:51  Hydralisk  
  110  8:55  Drone  
  110  8:56  Drone x8  
  110  8:57  Drone  
  110  9:00  Zergling x2  
  121  9:09  Drone  
  123  9:10  Drone x3  
  125  9:18  Zergling x16  
  125  9:19  Zergling x4  
  125  9:24  Baneling x7  
  135  9:33  Zergling x8  
  135  9:34  Overlord  
  135  9:35  Overlord x3  
Show
View Real Time Build Order
Export as new Build Order

Sentry Protoss 

Build Orders: Oracle Opening 

Get SALT Encoding   

  12  0:01  Probe (Chrono Boost)  
  13  0:11  Probe (Chrono Boost)  
  14  0:19  Pylon  
  14  0:22  Probe (Chrono Boost)  
  15  0:38  Probe (Chrono Boost)  
  15  0:42  Gateway  
  16  0:45  Assimilator  
  16  0:48  Probe (Chrono Boost)  
  17  0:59  Probe (Chrono Boost)  
  18  1:05  Assimilator  
  18  1:09  Probe (Chrono Boost)  
  19  1:16  Pylon  
  19  1:20  Probe (Chrono Boost)  
  20  1:38  Cybernetics Core  
  20  1:39  Probe (Chrono Boost)  
  21  1:41  Pylon  
  21  1:58  Nexus  
  21  2:05  Probe (Chrono Boost)  
  22  2:16  Adept  
  22  2:18  Probe (Chrono Boost)  
  26  2:30  Stargate, Probe (Chrono Boost)  
  26  2:33  Warp Gate  
  26  2:40  Probe (Chrono Boost)  
  27  2:46  Adept  
  27  2:50  Pylon  
  27  2:51  Probe (Chrono Boost)  
  30  3:01  Probe (Chrono Boost)  
  31  3:12  Probe (Chrono Boost)  
  32  3:13  Oracle (Chrono Boost)  
  32  3:16  Probe  
  36  3:26  Probe  
  37  3:33  Probe  
  37  3:38  Probe  
  39  3:42  Robotics Facility  
  39  3:45  Twilight Council, Probe (Chrono Boost)  
  40  3:50  Assimilator, Probe (Chrono Boost)  
  41  3:57  Probe (Chrono Boost)  
  41  4:00  Phoenix  
  41  4:02  Probe (Chrono Boost)  
  45  4:07  Gateway  
  45  4:08  Probe (Chrono Boost)  
  45  4:09  Gateway  
  46  4:13  Gateway  
  46  4:15  Probe (Chrono Boost)  
  47  4:27  Phoenix  
  49  4:32  Probe (Chrono Boost)  
  49  4:35  Pylon  
  50  4:43  Probe (Chrono Boost)  
  48  4:52  Phoenix  
  48  4:59  Adept  
  37  5:11  Probe (Chrono Boost)  
  37  5:14  Probe (Chrono Boost), Pylon  
  35  5:18  Nexus  
  35  5:19  Adept  
  35  5:20  Adept x2  
  35  5:21  Adept  
  41  5:27  Probe (Chrono Boost)  
  42  5:32  Probe (Chrono Boost)  
  43  5:36  Charge (Chrono Boost)  
  43  5:39  Probe  
  44  5:44  Probe  
  44  5:49  Probe  
  45  5:54  Warp Prism  
  48  5:57  Probe  
  49  6:16  Probe  
  49  6:17  Sentry  
  52  6:18  Probe  
  53  6:26  Gateway, Mothership Core  
  53  6:31  Probe  
  48  6:41  Probe  
  48  6:43  Probe  
  48  6:45  Pylon  
  50  6:51  Probe  
  50  6:53  Probe  
  50  6:54  Phoenix  
  55  7:01  Probe x2  
  55  7:05  Zealot x2  
  55  7:06  Zealot x2, Pylon  
  64  7:14  Templar Archives  
  64  7:21  Probe  
  65  7:29  Zealot x3  
  70  7:31  Probe  
  70  7:41  Zealot x2  
  68  7:47  Zealot  
  68  7:49  Zealot x2  
  74  7:55  Pylon  
  74  8:00  Pylon  
  72  8:07  Probe  
  63  8:13  Zealot x5  
  63  8:16  Probe  
  72  8:20  Immortal (Chrono Boost)  
  72  8:21  Probe  
  72  8:22  Probe  
  68  8:28  Probe  
  68  8:29  Assimilator  
  68  8:32  Forge  
  68  8:33  Probe  
  70  8:36  Adept, Probe  
  73  8:41  Probe  
  74  8:50  Probe  
  74  8:51  Probe  
  74  8:52  Psionic Storm  
  76  8:56  Probe  
  76  9:01  Probe  
  76  9:02  Warp Prism (Chrono Boost)  
  79  9:05  High Templar  
  79  9:06  High Templar  
  79  9:08  High Templar  
  79  9:09  Probe  
  87  9:16  Gateway  
  87  9:17  Archon  
  87  9:19  High Templar  
  87  9:23  Probe  
  90  9:25  Probe x2  
  90  9:28  Assimilator  
  90  9:30  Pylon  
  92  9:35  Probe  
  92  9:36  Photon Cannon  
  93  9:47  Archon  
  93  9:52  Zealot x3  
  87  9:53  Zealot  
  81  10:01  High Templar  
Tags
 
Add a new tag
Caveats
  • Supply blocks, unpowered buildings, or Contaminate may cause inaccurate times.
  • Supply counts are checked every 10 seconds.